 Dungeon Crawl Stone Soup version 0.27-a0-1278-g6cbc8dfb29 (webtiles) character file.

Game seed: 6017260178039685003

3002 bande the Shield-Bearer (level 9, -3/55 HPs)
             Began as a Gargoyle Fighter on June 13, 2021.
             Was a Priest of Okawaru.
             Slain by a death yak (18 damage)
             ... on level 7 of the Dungeon.
             The game lasted 00:16:34 (9996 turns).

bande the Shield-Bearer (Gargoyle Fighter)          Turns: 9996, Time: 00:16:35

Health: -3/55      AC: 24    Str: 22    XL:     9   Next: 84%
Magic:  12/12      EV:  7    Int:  9    God:    Okawaru [***...]
Gold:   532        SH: 18    Dex: 13    Spells: 8/8 levels left

rFire    . . .     SeeInvis .   z - +1 war axe (vorpal)
rCold    . . .     Faith    .   n - +2 tower shield {AC+3}
rNeg     + . .     Spirit   .   b - +0 scale mail
rPois    ∞         Reflect  .   A - +0 helmet
rElec    +         Harm     .   m - +2 cloak {Will+}
rCorr    .         Rampage  .   p - +0 pair of fencer's gloves {Riposte Dex+3}
Will     +....                  k - +0 pair of boots
Stlth    ..........             (no amulet)
HPRegen  0.18/turn              (no ring)
MPRegen  0.13/turn              (no ring)

@: no status effects
A: sickness immunity, AC +6, negative energy resistance 1, electricity
resistance, torment resistance 1, petrification resistance
a: Renounce Religion, Heroism


You were on level 7 of the Dungeon.
You worshipped Okawaru.
Okawaru was most pleased with you.
You visited 1 branch of the dungeon, and saw 8 of its levels.
You also visited: Ossuary.

You collected 532 gold pieces.

Inventory:

Hand Weapons
 a - a +1 war axe
 g - a +0 flail
 z - a +1 vorpal war axe (weapon)
Missiles
 l - 13 atropa-tipped darts (quivered)
Armour
 b - a +0 scale mail (worn)
 k - a +0 pair of boots (worn)
 m - a +2 cloak of willpower (worn)
 n - a +2 tower shield of protection (worn)
 p - the +0 pair of fencer's gloves (worn) {Riposte Dex+3}
   (You found it on level 4 of the Dungeon)

   It affects your dexterity (+3).
 A - a +0 helmet (worn)
Jewellery
 y - an amulet of magic regeneration
 B - a ring of magical power
Wands
 c - a wand of polymorph (9)
 o - a wand of iceblast (4)
 t - a wand of charming (7)
Scrolls
 q - 3 scrolls of teleportation
 r - a scroll of amnesia
 v - 2 scrolls of identify
Potions
 d - 4 potions of might
 e - a potion of brilliance
 f - 4 potions of flight
 h - 3 potions of curing
 j - a potion of ambrosia
 s - a potion of lignification
 u - a potion of invisibility
 w - a potion of haste
 x - 2 potions of magic


   Skills:
 + Level 5.7 Fighting
 + Level 7.1 Axes
 + Level 6.0 Armour
 - Level 1.5 Dodging
 + Level 7.3 Shields
 * Level 4.6 Invocations
 * Level 3.8 Evocations


You had 8 spell levels left.
You didn't know any spells.
Your spell library contained the following spells:

 Spells                   Type           Power      Damage    Failure   Level
 Animate Skeleton         Necr           0%         N/A       100%        1
 Apportation              Tloc           0%         N/A       100%        1
 Corona                   Hex            0%         N/A       100%        1
 Sandblast                Erth           0%         2d4       100%        1
 Summon Small Mammal      Summ           0%         N/A       100%        1
 Passwall                 Tmut/Erth      0%         N/A       100%        2
 Stone Arrow              Conj/Erth      0%         3d7       100%        3
 Petrify                  Tmut/Erth      0%         N/A       100%        4
 Lee's Rapid Deconstruct  Erth           0%         3d5*      100%        5


Dungeon Overview and Level Annotations

Branches:
Dungeon (8/15)             Temple (0/1) D:5            Lair (0/6) D:8
Ossuary (visited)

Altars:
Elyvilon
Fedhas
Kikubaaqudgha
Makhleb
Okawaru
Qazlal
Ru
Uskayaw
Wu Jian

Shops:
D:2 (


Innate Abilities, Weirdness & Mutations

You are immune to sickness and miasma.
Your stone body is resilient. (AC +6)
You are immune to poison.
You resist negative energy. (rN+)
You are resistant to electric shocks. (rElec)
You are resistant to unholy torment.
You are immune to petrification.


Message History

The death yak is severely wounded.
You block the death yak's attack.
The death yak snorts and paws the ground.
The death yak gores you but does no damage.
You hit the death yak but do no damage.
The death yak is heavily wounded.
You block the death yak's attack.
You hit the death yak.
The death yak is heavily wounded.
You block the death yak's attack. The death yak gores you!
You hit the death yak but do no damage.
The death yak is heavily wounded.
The death yak gores you but does no damage.
You slash the death yak!
The death yak is severely wounded.
The death yak gores you but does no damage.
You block the death yak's attack.
You slash the death yak!
The death yak is almost dead.
The death yak gores you but does no damage.
You barely miss the death yak.
The death yak is almost dead.
You block the death yak's attack.
The death yak gores you but does no damage.
You feel better. You block the death yak's attack.
You hit the death yak but do no damage.
The death yak is severely wounded.
The death yak gores you.
You completely miss the death yak.
The death yak is severely wounded.
The death yak gores you!
* * * LOW HITPOINT WARNING * * *
You block the death yak's attack.
You hit the death yak.
The death yak is almost dead.
The death yak closely misses you.
You slash the death yak!
The death yak is almost dead.
You block the death yak's attack. The death yak gores you!!
You die...

..#..................#
..#.####.#######'#####
###.####.##.####.[...#
....#................#
....#................#
....#................#
....#................#
....#................#
....#..........Y@....#
######################


You could see a death yak.

Vanquished Creatures
  A hornet (D:7)
  Grinder (D:6)
  Sigmund (D:6)
  2 wyverns (D:7)
  A water moccasin (D:7)
  A black bear (D:6)
  An ogre (D:4)
  A necrophage (D:4)
  A centaur (D:7)
  A phantom (D:7)
  2 elf zombies
  A bullfrog (D:6)
  3 scorpions
  An elf skeleton (D:6)
  5 wights (D:6)
  2 howler monkeys
  A bullfrog zombie (D:7)
  A centaur zombie (D:7)
  3 jellies
  2 hounds (D:7)
  Crazy Yiuf (D:2)
  An orc priest (D:4)
  Ijyb (D:4)
  4 iguanas
  2 human skeletons (D:6)
  3 orc wizards
  A killer bee zombie (D:6)
  2 hound skeletons (D:4)
  A hound zombie (D:5)
  2 mummies (Ossuary)
  5 gnolls
  7 adders
  A river rat (D:8)
  A shadow imp (D:7)
  A white imp (D:6)
  2 adder zombies (Ossuary)
  2 adder skeletons (D:4)
  2 worms (D:4)
  2 dart slugs
  10 orcs
  3 bats
  7 endoplasms
  3 giant cockroaches
  6 goblins
  10 hobgoblins
  12 jackals
  6 kobolds
  4 quokkas
  9 ball pythons
  4 frilled lizards (D:1)
  3 goblin zombies (Ossuary)
  12 hobgoblin zombies (Ossuary)
  2 jackal zombies (Ossuary)
  7 kobold zombies (Ossuary)
  An orc skeleton (D:6)
  8 orc zombies
  6 rats
  2 rat zombies (Ossuary)
188 creatures vanquished.

Vanquished Creatures (others)
  A human (D:5)
  An orc (D:4)
2 creatures vanquished.

Grand Total: 190 creatures vanquished

Notes
Turn   | Place    | Note
-------+----------+-------------------------------------------
     0 | D:1      | bande the Gargoyle Fighter began the quest for the Orb.
     0 | D:1      | Reached XP level 1. HP: 14/14 MP: 1/1
     7 | D:1      | Found a faded altar of an unknown god.
   663 | D:1      | Reached XP level 2. HP: 15/19 MP: 2/2
  1053 | D:1      | Reached XP level 3. HP: 16/23 MP: 3/3
  1903 | D:2      | Found Umublos's Weapon Emporium.
  2154 | D:2      | Found a runed translucent door.
  2155 | D:2      | Noticed Crazy Yiuf
  2873 | D:2      | Killed Crazy Yiuf
  2874 | D:2      | Reached XP level 4. HP: 22/29 MP: 4/4
  3038 | D:3      | Found a hide-covered altar of Uskayaw.
  3129 | D:3      | Found a burning altar of Makhleb.
  3233 | D:3      | Reached XP level 5. HP: 25/33 MP: 5/5
  3575 | D:4      | Noticed Ijyb
  3599 | D:3      | Reached skill level 1 in Dodging
  3768 | D:4      | Killed Ijyb
  3769 | D:4      | Reached XP level 6. HP: 32/38 MP: 6/6
  3821 | D:4      | Found an iron altar of Okawaru.
  3829 | D:4      | Found the +0 pair of fencer's gloves {Riposte Dex+3}
  4206 | D:4      | Became a worshipper of Warmaster Okawaru
  4628 | D:4      | Reached XP level 7. HP: 39/44 MP: 7/7
  4708 | D:4      | Reached skill level 5 in Shields
  4798 | D:4      | Reached skill level 1 in Invocations
  5300 | D:5      | Entered Level 5 of the Dungeon
  5644 | D:5      | Found an ancient bone altar of Kikubaaqudgha.
  5858 | D:5      | Reached skill level 1 in Evocations
  5935 | D:5      | Found a staircase to the Ecumenical Temple.
  6124 | D:5      | Found a white marble altar of Elyvilon.
  6350 | D:5      | Noticed a human
  6352 | D:5      | Killed a human
  6482 | D:5      | Found a sacrificial altar of Ru.
  6548 | D:6      | Noticed Grinder
  6566 | D:6      | Killed Grinder
  6566 | D:6      | Reached * piety under Okawaru
  6567 | D:6      | Reached skill level 5 in Axes
  6567 | D:6      | Reached skill level 5 in Armour
  6567 | D:6      | Reached XP level 8. HP: 35/48 MP: 9/9
  6701 | D:6      | Found a sand-covered staircase.
  6724 | Ossuary  | Entered an ossuary
  7472 | D:6      | Reached ** piety under Okawaru
  7473 | D:6      | Reached skill level 5 in Fighting
  7569 | D:6      | Found a blossoming altar of Fedhas.
  7989 | D:6      | Noticed Sigmund
  8009 | D:6      | Reached XP level 9. HP: 15/54 MP: 11/11
  8015 | D:6      | Killed Sigmund
  9063 | D:7      | Found a stormy altar of Qazlal.
  9093 | D:7      | Found an ornate altar of the Wu Jian Council.
  9173 | D:7      | Noticed a hornet
  9184 | D:7      | Killed a hornet
  9184 | D:7      | Reached *** piety under Okawaru
  9863 | D:8      | Noticed a death yak
  9864 | D:8      | Found a staircase to the Lair.
  9864 | D:8      | Noticed a death yak
  9865 | D:8      | Noticed a death yak
  9996 | D:7      | Slain by a death yak

Illustrated notes

Levels and vault maps discovered:
D:1:      doesnt_arrival_eight_statues, layout_basic, basic_ecumenical_altar
D:2:      layout_basic, serial_corexii_hall, chequers_hall_statues_corner_a,
          corexii_hall_statues_x, serial_shops, shop, uniq_crazy_yiuf_cottage
D:3:      layout_rooms, general_overflow_altar, bloody_makhleb
D:4:      minmay_recursive_quarters, layout_basic, amcnicky_altar_gilded,
          minivault_26, kennysheep_big_empty_room, uniq_ijyb
D:5:      layout_layer_cave, tgw_kikubaaqudgha, kennysheep_mini_moat,
          nicolae_elyvilon_peaceful_grove, minmay_temple_entry_glassed_door
D:6:      layout_gridville, old_standard_altar, nicolae_ossuary_entry_catacombs,
          uniq_grinder, uniq_sigmund
D:7:      layout_gridville, grunt_temple_overflow_open
D:8:      layout_loops_ring, lemuel_blue_sif_altar, dpeg_lair_monsters,
          uniq_psyche

Skill      XL: |  1  2  3  4  5  6  7  8  9 |
---------------+----------------------------+-----
Axes           | 2 3 4 5 6 7 |  7.1
Armour         | 4 5 6 |  6.0
Shields        | 4 5 6 7 |  7.3
Fighting       | 4 5 |  5.7
Dodging        | 1 |  1.5
Invocations    | 2 3 4 |  4.6
Evocations     | 1 2 3 |  3.8

Action                   |  1- 3 |  4- 6 |  7- 9 || total
-------------------------+-------+-------+-------++-------
Melee: War axe           |   140 |   150 |   460 ||   750
  Use: Scroll            |     2 |     7 |     7 ||    16
       Potion            |       |       |     9 ||     9
Armor: Scale mail        |    63 |   102 |   270 ||   435
Dodge: Dodged            |    52 |    46 |    79 ||   177
Block: Kite shield       |    76 |    31 |       ||   107
       Tower shield      |       |   107 |   446 ||   553
       Rpst.: War axe    |       |     2 |    20 ||    22

Table legend: (Time is in decaauts)
 A = Elapsed time spent in this place.
 B = Non-inter-level travel time spent in this place.
 C = Inter-level travel time spent in this place.
 D = Time resting spent in this place.
 E = Time spent auto-exploring this place.
 F = Levels seen in this place.
 G = Mean time per level.
                   A        B        C        D        E       F      G
               +--------+--------+--------+--------+--------+-----+--------+
         Total |  10449 |  10350 |     99 |   2127 |   5832 |   9 | 1161.0 |
       Dungeon |  10037 |   9938 |     99 |   2039 |   5722 |   8 | 1254.6 |
       Ossuary |    411 |    411 |      0 |     88 |    110 |   1 |  411.0 |
               +--------+--------+--------+--------+--------+-----+--------+

Top non-repeatable levels by time:
     D:6: 1904 daAuts
     D:1: 1802 daAuts
     D:4: 1538 daAuts
     D:2: 1314 daAuts
     D:5: 1248 daAuts
     D:7: 1140 daAuts
     D:3: 886 daAuts
 Ossuary: 411 daAuts
     D:8: 203 daAuts
